 Dungeon Crawl Stone Soup version 0.16-a0-327-gbff0e38 (webtiles) character file.

677 PolkaDot the Summoner (level 7, -4/46 HPs)
             Began as a Vampire Summoner on Sept 4, 2014.
             Slain by a scorpion (8 damage)
             ... on Level 5 of the Dungeon.
             The game lasted 00:16:29 (4931 turns).

PolkaDot the Summoner (Vampire Summoner)            Turns: 4931, Time: 00:16:29

HP  -4/46        AC  4     Str  7      XL: 7   Next: 33%
MP   8/12        EV 18     Int 19      God:
Gold 176         SH  0     Dex 19      Spells:  4 memorised,  0 levels left

rFire  . . .     SeeInvis +     a - +0 spear
rCold  . . .     Clarity  .     p - +1 robe {MR+}
rNeg   . . .     rCorr    .     (no shield)
rPois  .         rRot     .     (no helmet)
rElec  .         Spirit   .     u - +0 cloak
SustAb .         Warding  .     (no gloves)
rMut   .         Stasis   .     (no boots)
Gourm  .                        (no amulet)
MR     +....                    (no ring)
                                i - ring of stealth

@: agile, lethally poisoned, regenerating quickly, somewhat resistant to hostile
enchantments, quite stealthy
A: bottle blood, fangs 3, see invisible, unbreathing
a: Bottle Blood


You were on level 5 of the Dungeon.
You were full.

You visited 1 branch of the dungeon, and saw 5 of its levels.

You collected 176 gold pieces.

Inventory:

Hand weapons
 a - a +0 spear (weapon)
Armour
 p - a +1 robe of magic resistance (worn)
 u - a +0 cloak (worn)
Magical devices
 k - a wand of confusion (12) {unknown}
Scrolls
 d - 2 scrolls of remove curse
 g - a scroll of fear {unknown}
 h - a scroll of teleportation {unknown}
 l - a scroll of recharging {unknown}
 o - a scroll of identify {unknown}
 q - a scroll of magic mapping {unknown}
Jewellery
 i - a ring of stealth (left hand)
 n - a cursed ring of teleportation {unknown}
 t - a +4 ring of evasion {unknown}
Books
 b - a book of Callings

   Spells                             Type                      Level
   *Summon Small Mammal               Summoning                    1
   *Call Imp                          Summoning                    2
   *Call Canine Familiar              Summoning                    3
   Summon Guardian Golem              Hexes/Summoning              4
   Summon Lightning Spire             Summoning/Air                4
   *Summon Ice Beast                  Ice/Summoning                4


   Skills:
 - Level 2.1 Dodging
 - Level 3.0 Stealth
 - Level 2.0 Spellcasting
 * Level 9.1 Summonings


You couldn't memorise any spells.
You knew the following spells:

 Your Spells              Type           Power        Failure   Level  Hunger
a - Summon Small Mammal   Summ           ####         1%          1    #......
d - Call Canine Familiar  Summ           #####...     1%          3    ####...
i - Summon Ice Beast      Ice/Summ       ###.....     28%         4    #####..
s - Call Imp              Summ           #####...     1%          2    ##.....


Dungeon Overview and Level Annotations

Branches:
Dungeon (5/15)
 Temple: D:4-7

Altars:


Innate Abilities, Weirdness & Mutations

Your natural rate of healing is unusually fast.
You can bottle blood from corpses.
You have razor-sharp teeth.
You have supernaturally acute eyesight.
You can survive without breathing.


Message History

A beastly little devil appears in a puff of flame.
You feel sick.
Your hound bites the scorpion but does no damage.
The scorpion stings you.
* * * LOW HITPOINT WARNING * * *
Your hound closely misses the scorpion.
Drink which item? (? for menu, Esc to quit)
You feel agile all of a sudden.
The scorpion stings you but does no damage.
Your hound barely misses the scorpion.
Your crimson imp hits the scorpion but does no damage.
You closely miss the scorpion. Your bite misses the scorpion.
The scorpion is moderately wounded.
You feel sick.
Your hound bites the scorpion.
The scorpion stings you.
* * * LOW HITPOINT WARNING * * *
You are lethally poisoned!
The scorpion poisons you!
Your hound bites the scorpion.
Your crimson imp hits the scorpion but does no damage.
The scorpion stings you!
You die...

. .. #. #.
#.
#.#######.
..5......
#sh.......
#@# #.#
#.#
#.######
#......#
######.#
###.###
#.....#
#.#####


You could see a scorpion, a friendly hound and a friendly crimson imp.

Vanquished Creatures
  An ogre (D:4)
  An orc wizard (D:3)
  A worker ant (D:4)
  An adder (D:3)
  A worm (D:2)
  A giant gecko (D:2)
  3 oozes
  3 orcs
  A ball python (D:3)
  3 giant cockroaches
  10 hobgoblins
  7 kobolds
  6 quokkas
  16 bats
  8 giant newts
  6 goblins
  9 rats
78 creatures vanquished.

Vanquished Creatures (collateral kills)
  Pikel (D:5)
  A scorpion (D:4)
  A worker ant (D:4)
  An iguana (D:4)
  Terence (D:3)
  2 adders
  5 orcs
  3 hobgoblins
  3 kobolds (D:1)
  2 giant newts
  A goblin (D:1)
  A rat (D:1)
22 creatures vanquished.

Vanquished Creatures (others)
  A crimson imp (D:5)
  4 hounds
  A shadow imp (D:5)
  A white imp (D:5)
7 creatures vanquished.

Grand Total: 107 creatures vanquished

Notes
Turn   | Place    | Note
--------------------------------------------------------------
     0 | D:1      | PolkaDot, the Vampire Summoner, began the quest for the Orb.
     0 | D:1      | Reached XP level 1. HP: 13/13 MP: 3/3
   381 | D:1      | Reached XP level 2. HP: 17/19 MP: 4/4
   385 | D:1      | Learned a level 2 spell: Call Imp
  1250 | D:2      | Reached skill level 5 in Summonings
  1297 | D:2      | Reached XP level 3. HP: 18/24 MP: 6/6
  1301 | D:2      | HP: 1/24 [kobold/short sword (6)]
  1444 | D:2      | Learned a level 3 spell: Call Canine Familiar
  2440 | D:3      | Reached XP level 4. HP: 10/30 MP: 4/7
  2455 | D:3      | Noticed Terence
  2523 | D:3      | Killed Terence
  2570 | D:3      | Reached skill level 6 in Summonings
  3329 | D:4      | Reached XP level 5. HP: 25/35 MP: 9/9
  3721 | D:4      | Noticed an ogre
  3799 | D:4      | Killed an ogre
  3799 | D:4      | Reached skill level 7 in Summonings
  4397 | D:5      | Entered Level 5 of the Dungeon
  4585 | D:5      | Noticed Pikel
  4585 | D:5      | Noticed a slave
  4587 | D:5      | Noticed a slave
  4587 | D:5      | Noticed a slave
  4588 | D:5      | Noticed a slave
  4668 | D:5      | Killed Pikel
  4668 | D:5      | Reached skill level 9 in Summonings
  4668 | D:5      | Reached XP level 6. HP: 4/41 MP: 0/10
  4668 | D:5      | Reached XP level 7. HP: 4/46 MP: 0/12
  4892 | D:5      | Learned a level 4 spell: Summon Ice Beast
  4931 | D:5      | Slain by a scorpion

Action                   |  1- 3 |  4- 6 |  7- 9 || total
-------------------------+-------+-------+-------++-------
Melee: Unarmed           |    57 |       |       ||    57
       Dagger            |    96 |       |       ||    96
       Spear             |    70 |   202 |    13 ||   285
 Cast: Summon Small Mamm |     2 |       |       ||     2
       Call Imp          |    15 |    24 |     1 ||    40
       Call Canine Famil |       |     7 |     1 ||     8
  Use: Potion            |     1 |     9 |     1 ||    11
       Scroll            |       |     1 |       ||     1
 Stab: Sleeping          |    15 |    10 |     1 ||    26
       Distracted        |       |     2 |       ||     2
  Eat: Corpse            |    19 |    12 |     1 ||    32
